AoeStats
← TheQuietRiot

Arabian Desert

509208539Analyzed
1v1 RM · 6d ago on Sep 25, 2026· 61m 9s· 2 players
Game mode
Random Map
Map size
Tiny (2 player)
Population
200
Speed
Normal
Resources
Standard
Victory
Conquest
Starting age
Dark Age
Ending age
Imperial Age
RankedLock teamsTeams togetherTeam positionsShared explorationLock speedFull tech treeHidden civsTurbo modeCheats
Victory
Defeat
🇬🇧 Saxons · United Kingdom
955
+15
🇲🇽 Spanish · Mexico
929
-15
erikm0532
0:26 Loom
10:34 Feudal Age
12:07 Double-Bit Axe
18:46 Castle Age
19:57 Bow Saw
22:09 Horse Collar
22:55 Heavy Plow
32:21 Wheelbarrow
35:30 Imperial Age
33:16 Gold Mining
33:17 Stone Mining
34:13 Husbandry
34:24 Bloodlines
34:42 Hand Cart
35:52 Ballistics
35:28 Murder Holes
35:37 Elite Conquistador
36:29 Inquisition
37:08 Capped Ram
38:34 Scale Barding Armor
38:55 Siege Ram
41:45 Chemistry
42:16 Chain Barding Armor
53:04 Onager
TheQuietRiot
10:26 Feudal Age
10:39 Loom
11:04 Double-Bit Axe
18:46 Castle Age
17:15 Fletching
17:32 Horse Collar
19:59 Bow Saw
21:47 Forging
23:21 Iron Casting
22:54 Scale Barding Armor
23:47 Husbandry
23:58 Bloodlines
27:04 Wheelbarrow
28:45 Gold Mining
29:29 Elite Skirmisher
30:15 Thumb Ring
30:10 Bodkin Arrow
31:06 Stone Mining
32:36 Heavy Plow
33:15 Scale Mail Armor
34:33 Ballistics
38:18 Imperial Age
39:36 Hand Cart
38:47 Shield Wall
39:53 Conscription
39:49 Bracer
39:51 Padded Archer Armor
40:06 Chain Mail Armor
40:12 Chain Barding Armor
40:35 Capped Ram
43:18 Chemistry
42:37 Masonry
41:54 Siege Ram
48:00 Elite Hearth Troop
48:37 Cavalier
50:18 Squires
50:04 Gambesons
50:05 Arson
50:47 Elite Varangian Guard
56:15 Two-Man Saw
Connection lost

Rejoining the realm…

Still unreachable

The connection could not be restored.

Session expired

The server has moved on; the page needs a fresh start.